 Dungeon Crawl Stone Soup version 0.24-a0-217-g1152973 (webtiles) character file.

Game seed: 2062836895222104540

856 Azzok the Slicer (level 8, 0/52 HPs)
             Began as an Octopode Assassin on Mar 29, 2019.
             Hit by a stone thrown by a gnoll sergeant (7 damage)
             ... on level 5 of the Dungeon.
             The game lasted 00:05:55 (4747 turns).

Azzok the Slicer (Octopode Assassin)                Turns: 4747, Time: 00:05:55

Health: 0/52       AC:  1    Str: 10    XL:     8   Next: 2%
Magic:  10/10      EV: 13    Int: 16    God:
Gold:   172        SH:  0    Dex: 13    Spells: 10/10 levels left

rFire    . . .     SeeInvis +   t - +0 dagger (curse)
rCold    . . .     Gourm    .   (no shield)
rNeg     . . .     Faith    .   (helmet restricted)
rPois    .         Spirit   .   (no amulet)
rElec    .         Reflect  .   w - ring of resist corrosion
rCorr    +         Harm     .   r - ring of see invisible
MR       .....                  (no ring)
Stlth    ++++......             (no ring)
HPRegen  0.17/turn              (no ring)
MPRegen  0.12/turn              (no ring)
                                (no ring)
                                (no ring)

@: no status effects
A: almost no armour, stealthy swim, amphibious, 8 rings, constrict 8, camouflage
1, gelatinous body 1
a: no special abilities


You were on level 5 of the Dungeon.
You were not hungry.

You visited 1 branch of the dungeon, and saw 5 of its levels.

You collected 172 gold pieces.

Inventory:

Hand Weapons
 a - a +2 dagger
 b - a +0 blowgun
 t - a cursed +0 dagger (weapon)
Missiles
 c - 13 poisoned needles
 d - 2 curare-tipped needles
Jewellery
 r - a ring of see invisible (right tentacle)
 w - a ring of resist corrosion (left tentacle)
Scrolls
 g - a scroll of blinking {unknown}
 j - 4 scrolls of identify {unknown}
 l - 4 scrolls of remove curse {unknown}
 n - 2 scrolls of fog {unknown}
 o - 3 scrolls of teleportation {unknown}
 v - 3 scrolls of enchant weapon {unknown}
 x - a scroll of random uselessness {unknown}
 y - 2 scrolls of amnesia {unknown}
 A - a scroll of immolation {unknown}
Potions
 e - a potion of brilliance {unknown}
 h - a potion of haste {unknown}
 i - a potion of magic {unknown}
 k - a potion of invisibility {unknown}
 m - a potion of curing {unknown}
 p - a potion of berserk rage {unknown}
 q - 2 potions of lignification
 s - a potion of might {unknown}
 u - 2 potions of flight {unknown}
 z - a potion of degeneration {unknown}
Comestibles
 f - 11 rations
 B - a chunk of flesh


   Skills:
 + Level 3.0 Fighting
 - Level 8.0 Short Blades
 - Level 2.0 Throwing
 + Level 2.3 Dodging
 - Level 5.3 Stealth
 + Level 1.8 Spellcasting


You had 10 spell levels left.
You didn't know any spells.
Your spell library contained the following spells:

 Spells                   Type           Power        Failure   Level  Hunger
 Magic Dart               Conj           #...         22%         1    ##.....
 Searing Ray              Conj           #.....       32%         2    ###....
 Dazzling Spray           Conj/Hex       #.....       54%         3    ####...
 Force Lance              Conj/Tloc      #.......     91%         4    #####..
 Fulminant Prism          Conj/Hex       #.........   91%         4    #####..
 Iskenderun's Mystic Bla  Conj           #.......     91%         4    #####..


Dungeon Overview and Level Annotations

Branches:
Dungeon (5/15)
 Temple: D:4-7

Altars:
Dithmenos
Gozag

Shops:
D:4 %


Innate Abilities, Weirdness & Mutations

You cannot wear most types of armour.
You are very stealthy in the water. (Stealth+)
You are amphibious.
You can wear up to eight rings at the same time.
You can use your tentacles to constrict eight enemies at once.
Your skin changes colour to match your surroundings (Stealth+).
Your rubbery body absorbs attacks. (AC +1, EV +1)


Message History

The gnoll sergeant hits you from afar with a +3 spear!
You hit the gnoll but do no damage.
The gnoll is lightly wounded.
You constrict the gnoll, but do no damage.
The gnoll hits you with a +0 whip!
You release your grip on the gnoll.
A gnoll comes into view. It is wielding a -3 spear.
The gnoll sergeant throws a stone.
The stone hits you.
The gnoll sergeant throws a stone.
The stone closely misses you.
The gnoll sergeant throws a stone.
The stone hits you.
You see here a stone.
The gnoll sergeant throws a stone.
The stone hits you!
* * * LOW HITPOINT WARNING * * *
You see here a stone.
The gnoll sergeant throws a stone.
The stone hits you!
* * * LOW HITPOINT WARNING * * *
You see here a stone.
Okay, then.
The gnoll sergeant throws a stone.
The stone hits you!
You die...

▒·▒·▒···▒·▒···▒·▒·(·············
▒▒·▒·▒············(···▒▒g▒▒······
▒··········>···········g·········
▒▒·▒·▒·▒·······▒·▒·(··▒▒·▒▒▒▒▒▒··
▒·▒·▒·▒·····▒·▒·▒(···▒▒·▒▒▒▒▒▒··
▒·▒·▒·▒·········(g···▒▒·········
▒·····▒········g···▒·▒▒▒▒▒▒▒▒·▒▒
▒▒▒·▒▒▒·························
▒···········▒·▒@▒▒▒▒·▒▒▒▒▒▒▒···▒
▒·▒·▒▒▒····▒▒·▒·················
▒·▒·▒ ▒····▒▒·▒▒▒▒▒▒·▒▒·[····▒·▒
▒·▒·▒▒▒··▒·▒▒·▒·······'·········
▒·▒··▒▒▒▒▒·▒▒·▒·▒▒▒▒·▒▒······▒··
▒·▒▒·▒ ▒·▒▒·▒·▒<·▒·▒▒······▒··
▒▒·▒▒·▒▒▒▒▒·▒▒······▒·▒▒······▒··
▒················)···············
▒▒·▒▒▒▒▒▒▒▒·▒▒▒▒·▒▒▒▒·▒▒▒▒▒▒▒·▒··


You could see a gnoll sergeant and 2 gnolls.

Vanquished Creatures
  Grinder (D:3)
  An ice beast (D:2)
  A water moccasin skeleton (D:4)
  3 orc priests
  2 hounds (D:4)
  2 iguanas (D:4)
  A bullfrog skeleton (D:4)
  3 worker ants
  2 orc wizards (D:4)
  6 adders
  A shadow imp (D:5)
  A worm (D:2)
  2 dart slugs
  3 leopard geckos
  17 orcs
  4 bats
  4 giant cockroaches
  6 goblins
  5 hobgoblins
  3 jackals (D:1)
  2 quokkas
  A ball python (D:4)
  3 frilled lizards
  4 kobolds
  A leopard gecko skeleton (D:5)
  A quokka skeleton (D:5)
  7 rats
87 creatures vanquished.

Notes
Turn   | Place    | Note
-------+----------+-------------------------------------------
     0 | D:1      | Azzok the Octopode Assassin began the quest for the Orb.
     0 | D:1      | Reached XP level 1. HP: 14/14 MP: 1/1
   309 | D:1      | Reached XP level 2. HP: 9/19 MP: 2/2
   634 | D:1      | Reached skill level 3 in Short Blades
   977 | D:2      | Found an opulent altar of Gozag.
   982 | D:2      | Reached XP level 3. HP: 20/24 MP: 3/3
  1411 | D:2      | Noticed an ice beast
  1415 | D:2      | Killed an ice beast
  1415 | D:2      | Reached skill level 5 in Short Blades
  1415 | D:2      | Reached XP level 4. HP: 29/29 MP: 4/4
  1415 | D:2      | Reached XP level 5. HP: 34/34 MP: 5/5
  1534 | D:2      | Found a shadowy altar of Dithmenos.
  2120 | D:3      | Noticed Grinder
  2134 | D:3      | Killed Grinder
  2134 | D:3      | Reached skill level 7 in Short Blades
  2134 | D:3      | Reached XP level 6. HP: 36/39 MP: 6/6
  2526 | D:4      | Reached XP level 7. HP: 45/45 MP: 7/7
  3308 | D:4      | Reached skill level 8 in Short Blades
  3572 | D:4      | Reached skill level 1 in Spellcasting
  3728 | D:4      | Found Lafualie's Food Boutique.
  3988 | D:5      | Entered Level 5 of the Dungeon
  4604 | D:5      | Reached XP level 8. HP: 41/52 MP: 10/10
  4747 | D:5      | Hit by a stone thrown by a gnoll sergeant

Levels and vault maps discovered:
D:1:      lemuel_arrival_lava_pool, layout_loops_ring
D:2:      layout_loops_ring, marbit_many_paths, overflow_temple_1_default
D:3:      layout_rooms, chequers_serial_rivers_large_a, glass_columns_b,
          minmay_cupped, uniq_grinder
D:4:      layout_loops_corners, serial_shops, nicolae_shop_statue_plus,
          first_ration, st_stairs_3, saegor_snake_ambush
D:5:      layout_basic

Skill      XL: |  1  2  3  4  5  6  7 |
---------------+----------------------+-----
Short Blades   | 3 5 7 8 |  8.0
Spellcasting   | 1 |  1.8
Dodging        | 2 |  2.3
Fighting       | 3 |  3.0
Throwing       | |  2.0
Stealth        | |  5.3

Action                   |  1- 3 |  4- 6 |  7- 9 || total
-------------------------+-------+-------+-------++-------
Melee: Dagger            |    45 |    64 |   142 ||   251
       Tentacles         |     8 |    15 |    26 ||    49
       Constrict         |     6 |    16 |    21 ||    43
  Use: Potion            |       |       |     1 ||     1
 Stab: Sleeping          |    11 |    10 |    11 ||    32
  Eat: Chunk             |     1 |     4 |     7 ||    12
Armor: Skin              |       |     4 |    15 ||    19
Dodge: Dodged            |    18 |    14 |    43 ||    75

Table legend:
 A = Non-vault XP
 B = Vault XP
 C = Vault XP percentage of total XP
 D = Non-vault monster count
 E = Vault monster count
 F = Vault count percentage of total count
                 A         B        C        D         E       F
            +---------+---------+-------+---------+---------+-------
      Total |     838 |     385 |  31.5 |      78 |       9 |  10.3
            +---------+---------+-------+---------+---------+-------
        D:1 |      31 |       0 |   0.0 |      17 |       0 |   0.0
        D:2 |     151 |       2 |   1.3 |      10 |       1 |   9.1
        D:3 |      80 |     294 |  78.6 |      20 |       4 |  16.7
        D:4 |     438 |      89 |  16.9 |      23 |       4 |  14.8
        D:5 |     138 |       0 |   0.0 |       8 |       0 |   0.0
            +---------+---------+-------+---------+---------+-------
